 Dungeon Crawl Stone Soup version 0.29-a0-838-g385bb11a5b (webtiles) character file.

Game seed: 17147888201112601352

66 pascalblue the Caller (level 3, 0/19 HPs)
             Began as a Deep Elf Summoner on July 11, 2022.
             Hit by a goblin thrown by Robin (1 damage)
             ... on level 2 of the Dungeon on July 13, 2022.
             The game lasted 00:09:04 (2170 turns).

pascalblue the Caller (Deep Elf Summoner)           Turns: 2170, Time: 00:09:05

Health: 0/19       AC:  2    Str:  5    XL:     3   Next: 96%
Magic:  1/10       EV: 13    Int: 21    God:
Gold:   41         SH:  0    Dex: 15    Spells: 1/10 levels left

rFire   . . .      SeeInvis .   h - +0 dagger (protect)
rCold   + . .      Faith    .   (no shield)
rNeg    . . .      Spirit   .   a - +0 robe
rPois   .          Reflect  .   (no helmet)
rElec   .          Harm     .   (no cloak)
rCorr   .          Rampage  .   (no gloves)
Will    .....                   (no boots)
Stlth   ++........              (no amulet)
HPRegen 0.06/turn               k - ring of protection from cold
MPRegen 0.12/turn               g - +4 ring of slaying

@: no status effects
A: no striking features
a: no special abilities


You were on level 2 of the Dungeon.
You visited 1 branch of the dungeon, and saw 2 of its levels.

You collected 41 gold pieces.

Inventory:

Hand Weapons
 f - a +0 dagger
 h - a +0 dagger of protection (weapon)
Armour
 a - a +0 robe (worn)
Jewellery
 g - a +4 ring of slaying (right hand)
 k - a ring of protection from cold (left hand)
Scrolls
 c - a scroll of vulnerability {unknown}
 e - 2 scrolls of identify {unknown}
 j - a scroll of poison {unknown}
Potions
 b - 3 potions of magic
 d - 2 potions of attraction {unknown}
 i - a potion of might {unknown}


   Skills:
 - Level 2.7 Dodging
 - Level 2.7 Stealth
 + Level 4.0 Spellcasting
 * Level 5.4 Summonings


You had one spell level left.
You knew the following spells:

 Your Spells              Type           Power      Damage    Failure   Level
a - Summon Small Mammal   Summ           100%       N/A       1%          1
b - Call Imp              Summ           27%        N/A       1%          2
c - Call Canine Familiar  Summ           27%        N/A       3%          3
d - Summon Guardian Gole  Hex/Summ       15%        N/A       12%         3

Your spell library contained the following spells:

 Spells                   Type           Power      Damage    Failure   Level
 Portal Projectile        Hex/Tloc       8%         N/A       34%         3
 Summon Lightning Spire   Summ/Air       15%        N/A       36%         4
 Leda's Liquefaction      Hex/Erth       2%         N/A       75%         4


Dungeon Overview and Level Annotations

Branches:
Dungeon (2/15)

Altars:

Annotations:
D:2 Robin


Message History

A goblin comes into view. It is wielding a +0 club.
A goblin comes into view. It is wielding a +0 dagger.
Casting: Summon Small Mammal (safe; 1% risk of failure)
Confirm with . or Enter, or press ? or * to list all spells.
A beastly little devil appears in a puff of flame.
Your crimson imp disappears in a puff of smoke!
Robin roars a battlecry!
The goblins go into a battle-frenzy!
A goblin comes into view. It is wielding a +0 club.
Casting: Call Imp (safe; 1% risk of failure)
Confirm with . or Enter, or press ? or * to list all spells.
The spell is quite dangerous to miscast (3% risk of failure)!
Continue anyway?
Your bat hits the goblin.
Your crimson imp barely misses the goblin.
Robin throws the goblin at you!
A hobgoblin comes into view.
The goblin closely misses you.
You swap places.
The goblin attacks as you move away! The goblin hits you but does no damage.
Your bat closely misses the goblin.
The goblin hits your bat with a +0 dagger.
Your bat dies!
Your bat's corpse disappears in a puff of smoke!
Your hound bites the goblin.
The goblin hits your hound with a +0 dagger.
Your hound misses the goblin.
Your crimson imp blinks!
The goblin hits your hound with a +0 club.
Casting: Call Canine Familiar (quite dangerous; 3% risk of failure)
Confirm with . or Enter, or press ? or * to list all spells.
Your hound bites the goblin.
The goblin hits your hound but does no damage.
The goblin completely misses your hound.
Robin says, "My goblins will feast on your bones."
The goblin hits you with a +0 club. The goblin attacks as you move away!
The goblin hits you with a +0 club.
* * * LOW HITPOINT WARNING * * *
Your hound misses the goblin. The goblin barely misses your hound.
Your hound closely misses the goblin.
Your rat closely misses the goblin.
The goblin misses your hound. Robin throws the goblin at you!
You die...

# ##### ###### .....
#.....########### .. .....
................. ... .....
#.............# .... .....
#.........g...# #.... .....
#........)@...# ...... .....
#........†r...####§.#.g.
#######.#####.###g..gggg......
#.....#.....#.##...hg$g......
#............#......§g§......
#...#.........#..............
#..#...........#..########...
#..#.....≈≈....#..# ..
#..#....≈._≈......# .


You could see Robin, 2 hobgoblins, 6 goblins, a friendly hound (summoned) and a
friendly rat (summoned).

Vanquished Creatures
  A dart slug (D:2)
  2 bats
  An endoplasm (D:1)
  A goblin (D:1)
  2 rats (D:2)
7 creatures vanquished.

Vanquished Creatures (collateral kills)
  An adder (D:2)
  A worm (D:2)
  2 dart slugs (D:1)
  4 endoplasms
  2 giant cockroaches
  7 goblins
  3 hobgoblins
  4 kobolds
  4 ball pythons (D:1)
  4 bats (D:1)
  3 frilled lizards
  3 rats (D:1)
38 creatures vanquished.

Grand Total: 45 creatures vanquished

Notes
Turn   | Place    | Note
-------+----------+-------------------------------------------
     0 | D:1      | pascalblue the Deep Elf Summoner began the quest for the
                  | Orb.
     0 | D:1      | Reached XP level 1. HP: 10/10 MP: 6/6
     0 | D:1      | Upgraded the game from 0.29-a0-830-gcb1280458a to
                  | 0.29-a0-838-g385bb11a5b
   329 | D:1      | Reached XP level 2. HP: 8/15 MP: 6/8
   334 | D:1      | Learned a level 2 spell: Call Imp
  1378 | D:1      | Reached XP level 3. HP: 19/19 MP: 5/10
  1439 | D:1      | Reached skill level 5 in Summonings
  1693 | D:1      | Learned a level 3 spell: Call Canine Familiar
  1697 | D:1      | Learned a level 3 spell: Summon Guardian Golem
  2031 | D:2      | Found a faded altar of an unknown god.
  2161 | D:2      | Noticed Robin
  2170 | D:2      | Hit by a goblin thrown by Robin

Illustrated notes

Levels and vault maps discovered:
D:1:      nzn_arrival_crosshair, layout_basic, lemuel_old_faithful
D:2:      layout_basic, shapermc_ecumenical_altar_starsandcircs, basic_altar,
          uniq_robin

Skill      XL: |  1  2  3 |
---------------+----------+-----
Summonings     | 5 |  5.4
Spellcasting   | 4 |  4.0
Dodging        | |  2.7
Stealth        | |  2.7

Action                   || total
-------------------------++-------
Melee: Unarmed           ||     2
       Dagger            ||    36
 Cast: Summon Small Mamm ||    45
       Call Imp          ||    10
       Call Canine Famil ||     1
 Stab: Distracted        ||     1
       Sleeping          ||     2
Armor: Robe              ||    32
Dodge: Dodged            ||    70

Table legend: (Time is in decaauts)
 A = Elapsed time spent in this place.
 B = Non-inter-level travel time spent in this place.
 C = Inter-level travel time spent in this place.
 D = Time resting spent in this place.
 E = Time spent auto-exploring this place.
 F = Levels seen in this place.
 G = Mean time per level.
                   A        B        C        D        E       F      G
               +--------+--------+--------+--------+--------+-----+--------+
         Total |   2167 |   2136 |     31 |    265 |   1424 |   2 | 1083.5 |
       Dungeon |   2167 |   2136 |     31 |    265 |   1424 |   2 | 1083.5 |
               +--------+--------+--------+--------+--------+-----+--------+

Top non-repeatable levels by time:
     D:1: 1727 daAuts
     D:2: 440 daAuts
